Unix NetHack Version 5.0.0-0 post-release - last build Jun 10 2026 00:39:30 (3ee93aec679c4c4259841fe613dc97188e26a321,branch:main).

Game began 2026-06-25 02:30:47, ended 2026-06-25 04:04:49.

FalseGod, chaotic male elven Wizard

                                                                ---------
                                                                .<......|
                                                                |.......|
                                                                |.......|
                                                                |........#
                                                                ---------#
                                                                         #
                                                                         #
                                                                         #
                                                                         #
                                                                         #
                                                                       ###
                                                                       #------
                                                                       @mf/./|
                                                                        |.@./|
                                                                        |././|
                                                                        ------

FalseGod the Thaumaturge  St:8 Dx:16 Co:14 In:20 Wi:12 Ch:10  Chaotic
Dlvl:7  $:3135 HP:0(48) Pw:65(69) AC:6  Xp:7 T:4903 

Latest messages:
 You hit the small mimic!
 You hit the small mimic.
 You hit the small mimic.
 The small mimic hits!
 You kill the small mimic!
 Thing 1 eats a small mimic corpse.
 You see a tripe ration appear where Thing 1 was!
 You see here a steel wand (for sale, 200 zorkmids).
 That platinum wand is a giant mimic!
 In what direction? l
 The spell misses the giant mimic.
 The giant mimic hits!
 The giant mimic hits again!
 What do you want to write with? [- ac-enquGRYZ or ?*] -
 You write in the dust with your fingertip.
 What do you want to write in the dust here? Elbereth
 Something is written here in the dust.
 You read: "Elbereth".
 You see here a steel wand (for sale, 200 zorkmids).
 You cannot escape from the giant mimic!
 You get released!
 The giant mimic turns to flee.
 You see here a pick-axe.
 Thing 1 drops a hexagonal wand.
 Thing 1 picks up a pine wand.
 "Hello, FalseGod!  Welcome again to Maesteg's quality apparel and accessories!"
 Thing 1 drops a pine wand.
 Pick a monster, object or location.
 You see here a pick-axe.
 You hear a door open.
 You hear someone counting gold coins.
 What do you want to call this dungeon level? vault
 You see here a pick-axe.
 That closed door actually is a giant mimic!
 You cannot escape from the giant mimic!
 The giant mimic hits!
 The giant mimic hits again!
 What do you want to write with? [- ac-enquGRYZ or ?*] -
 You write in the dust with your fingertip.
 What do you want to write in the dust here? Elbereth
 You get released!
 The giant mimic turns to flee.
 The giant mimic hits!
 The giant mimic hits!
 You die...
 Do you want your possessions identified? [ynq] (y) y
 Do you want to see your attributes? [ynq] (y) n
 Do you want an account of creatures vanquished? [ynaq] (y) n
 Do you want to see your conduct and achievements? [ynq] (y) n
 Do you want to see the dungeon overview? [ynq] (y) n

Inventory:
 Coins    ('$')
  $ - 3135 gold pieces
 Amulets  ('"')
  i - a cursed amulet of change
 Weapons  (')')
  G - 8 cursed poisoned -1 darts (at the ready)
  u - a blessed +0 elven dagger
  a - a blessed +1 quarterstaff (weapon in hands)
 Armor    ('[')
  C - an uncursed +0 alchemy smock with text "I'm making SCIENCE!"
  b - an uncursed fireproof +3 cloak of magic resistance (being worn)
 Comestibles  ('%')
  X - an uncursed slime mold
  l - 3 uncursed food rations
  k - an uncursed lembas wafer
  r - an uncursed pancake
  W - an uncursed lichen corpse
  v - an uncursed lizard corpse
 Scrolls  ('?')
  s - an uncursed scroll of charging
  O - a cursed scroll of confuse monster
  J - an uncursed scroll of enchant weapon
  t - an uncursed scroll of gold detection
  j - 3 uncursed scrolls of light
  E - 2 uncursed scrolls of magic mapping
  y - an uncursed scroll of stinking cloud
  A - a blessed scroll of teleportation
 Potions  ('!')
  g - an uncursed potion of confusion
  N - an uncursed potion of gain ability
  M - an uncursed potion of healing
  w - a cursed potion of healing
  Q - an uncursed potion of speed
  m - a potion of unholy water
 Rings    ('=')
  d - an uncursed +1 ring of increase damage
  e - an uncursed ring of see invisible
 Wands    ('/')
  Z - a wand of create monster (0:12)
  q - a cursed wand of digging (0:4)
  R - a wand of light (0:11)
  Y - a wand of make invisible (0:4)
  c - a wand of slow monster (0:5)
 Tools    ('(')
  o - an uncursed bugle
  H - an uncursed lock pick
  n - a magic marker (0:19)
  F - an uncursed mirror
  x - an uncursed oil lamp
  D - an uncursed skeleton key

FalseGod the Wizard's attributes:

Background:
 You were a Thaumaturge, a level 7 male elven Wizard.
 You were chaotic, on a mission for Anhur
 who was opposed by Ptah (lawful) and Thoth (neutral).
 You were right-handed.
 You were in the Dungeons of Doom, on level 7.
 You entered the dungeon 4903 turns ago.
 It was nighttime.
 You had 824 experience points, 456 more were needed to attain level 8.

Basics:
 You had 0 out of 48 hit points.
 You had 65 out of 69 energy points (spell power).
 Your armor class was 6.
 Your wallet contained 3135 zorkmids.
 Autopickup was off.

Final Characteristics:
 Your strength was 8 (limit:18).
 Your dexterity was 16 (limit:18).
 Your constitution was 14 (limit:16).
 Your intelligence was 20 (limit:20).
 Your wisdom was 12 (limit:20).
 Your charisma was 10 (limit:18).

Final Status:
 You weren't hungry.
 You were unencumbered.
 You were wielding a quarterstaff.
 You had basic skill with quarterstaff.

Final Attributes:
 You were piously aligned.
 You were magic-protected.
 You were sleep resistant.
 You were telepathic.
 You had infravision.
 You were warded.
 You are dead.

Miscellaneous:
 You encountered 1 bones level.
 Total elapsed playing time was 1 hour, 28 minutes and 24 seconds.

Major events:
 Turn
    1: FalseGod the chaotic male elven Wizard entered the dungeon
  795: attained the rank of Conjurer (level 3)
  911: entered the Gnomish Mines
 2137: attained the rank of Thaumaturge (level 6)
 2315: reached Mine Town
 3613: read a Discworld novel
 4903: killed by a giant mimic

Spells:
 Name                 Level Category     Fail Retention
 force bolt             1   attack         0%   76%-80%
 drain life             2   attack         0%   76%-80%
 cure blindness         2   healing       15%  76%-100%
 invisibility           4   escape        84%  76%-100%
 detect treasure        4   divination    84%  76%-100%
 sleep                  3   enchantment    0%  91%-100%

Skills:
 Fighting Skills
   bare handed combat [Unskilled]
   riding             [Unskilled]
 Weapon Skills
   dagger             [Basic]
   knife              [Unskilled]
   axe                [Unskilled]
   short sword        [Unskilled]
   club               [Unskilled]
   mace               [Unskilled]
   quarterstaff       [Basic]
   polearms           [Unskilled]
   spear              [Unskilled]
   trident            [Unskilled]
   sling              [Unskilled]
   dart               [Unskilled]
   shuriken           [Unskilled]
 Spellcasting Skills
   attack spells      [Skilled]
   healing spells     [Unskilled]
   divination spells  [Unskilled]
   enchantment spells [Basic]
   clerical spells    [Unskilled]
   escape spells      [Unskilled]
   matter spells      [Unskilled]

Voluntary challenges:
 Character rerolling was not enabled.
 You never genocided any monsters.
 You never polymorphed an object.
 You never changed form.
 You used no wishes.
Achievements:
 You attained the rank of Conjurer.
 You entered the Gnomish Mines.
 You attained the rank of Thaumaturge.
 You entered Minetown.
 You entered a shop.
 You read from a Discworld novel.

 The Dungeons of Doom: levels 1 to 7
    Level 1:
    Level 2: "vault"
    Level 3:
       An altar, a sink, a grave.
    Level 4: "vault"
       A scroll shop.
       Stairs down to The Gnomish Mines.
    Level 5:
    Level 6:
       Many fountains.
       Oracle of Delphi.
    Level 7: "vault" <- You were here.
       A wand shop.
       Final resting place for
          you, killed by a giant mimic.
 The Gnomish Mines: levels 5 to 8
    Level 5:
    Level 6:
    Level 7: "manycloaks"
    Level 8:
       Final resting place for
          RoxSox-Sam-Hum-Fem-Law, killed by a water demon.


Vanquished creatures:
  a giant mimic
  a small mimic
  a leprechaun
  a lizard
  a water moccasin
  2 human zombies
  a wood nymph
  a water nymph
  2 rock piercers
  a rock mole
  a pony
  a yellow light
  6 gnome leaders
  a gnomish wizard
  a red naga hatchling
  a little dog
  a floating eye
  9 dwarves
  a homunculus
  a kobold shaman
  2 rothes
  a rabid rat
  a centipede
  2 orc zombies
  a wererat
  4 coyotes
  2 hobbits
  a hobgoblin
  3 cave spiders
  a yellow mold
  2 red molds
 33 gnomes
  4 garter snakes
  a gnome zombie
  2 geckos
  2 jackals
  a fox
  a kobold
  3 grid bugs
  2 lichens
  3 newts
107 creatures vanquished.

No species were genocided or became extinct.

Game over:
                       ----------
                      /          \
                     /    REST    \
                    /      IN      \
                   /     PEACE      \
                  /                  \
                  |     FalseGod     |
                  |     3135 Au      |
                  |   killed by a    |
                  |   giant mimic    |
                  |                  |
                  |                  |
                  |       2026       |
                 *|     *  *  *      | *
        _________)/\\_//(\/(/\)/\//\/|_)_______

Goodbye FalseGod the Wizard...

You died in The Dungeons of Doom on dungeon level 7 with 6422 points,
and 3135 pieces of gold, after 4903 moves.
You were level 7 with a maximum of 48 hit points when you died.

